 Dungeon Crawl Stone Soup version 0.31-a0-627-gd65175cf8b (webtiles) character file.

Game seed: 12679267768707950086

2777 CrazyBamboolord the Nimble (level 9, -1/72 HPs)
             Began as a Merfolk Shapeshifter on Aug 25, 2023.
             Was an Initiate of Wu Jian.
             Slain by a merfolk
             ... wielding a +0 trident
              (22 damage)
             ... on level 7 of the Dungeon.
             The game lasted 00:11:48 (6067 turns).

CrazyBamboolord the Nimble (Merfolk Shapeshifter)   Turns: 6067, Time: 00:11:48

Health: -1/72      AC: 11    Str: 19    XL:     9   Next: 70%
Magic:  9/9        EV: 14    Int:  7    God:    Wu Jian [......]
Gold:   462        SH:  0    Dex: 15    Spells: 8/8 levels left

rFire   + .          .
                       - Unarmed
rCold   . . .        (shield currently unavailable)
rNeg    . . .        s - +2 scale mail {rPois}
rPois   +            p - +0 helmet
rElec   .            (no cloak)
rCorr   .            v - +0 pair of gloves
SInv    +            q - +0 pair of boots
Will    .....        h - amulet of the acrobat Stlth
                     r - ring of protection from fire
HPRegen 0.32/turn    b - ring of see invisible
MPRegen 0.11/turn

%: acrobat
@: about to teleport, flux-form, glowing
A: glow, contaminating, (nimble swimmer 2), mertail
a: Begin Untransformation, Renounce Religion


You were on level 7 of the Dungeon.
You worshipped Wu Jian.
Wu Jian was noncommittal.
You were something dangerously unstable.
You visited 2 branches of the dungeon, and saw 8 of its levels.
You also visited: Sewer.

You collected 462 gold pieces.

Inventory:

Armour
 p - a +0 helmet (worn)
 q - a +0 pair of boots (worn)
 s - a +2 scale mail of poison resistance (worn)
 v - a +0 pair of gloves (worn)
 x - an orb of wrath
Jewellery
 b - a ring of see invisible (right hand)
 h - an amulet of the acrobat (around neck)
 r - a ring of protection from fire (left hand)
Talismans
 c - a beast talisman
 d - a flux talisman (active)
Wands
 y - a wand of flame (17)
Scrolls
 e - a scroll of immolation
 g - a scroll of revelation
 j - 3 scrolls of poison
 m - 2 scrolls of amnesia {unknown}
 n - a scroll of enchant weapon {unknown}
 u - a scroll of fog
 w - a scroll of vulnerability {unknown}
 A - a scroll of torment {unknown}
 D - a scroll of acquirement {unknown}
Potions
 a - 3 potions of enlightenment
 f - a potion of might
 i - a potion of heal wounds
 k - 5 potions of curing
 l - a potion of attraction {unknown}
 o - 6 potions of brilliance
 t - a potion of resistance {unknown}
 B - a potion of haste {unknown}
 C - a potion of mutation {unknown}


   Skills:
 + Level 7.4 Fighting
 - Level 2.0 Armour
 + Level 9.2 Dodging
 + Level 8.1 Unarmed Combat
 - Level 7.0 Shapeshifting


You had 8 spell levels left.
You didn't know any spells.
Your spell library contained the following spells:

 Spells                   Type           Power      Damage    Failure   Level
 Necrotise                Necr           0%         1d4       80%         1
 Scorch                   Fire           0%         2d5       91%         2
 Vampiric Draining        Necr           0%         2d6       99%         3
 Vhi's Electric Charge    Tloc/Air       0%         N/A       99%         3
 Flame Wave               Conj/Fire      0%         2d4       100%        4
 Agony                    Necr           0%         N/A       100%        5
 Arcjolt                  Conj/Air       0%         1d10      100%        5
 Summon Cactus Giant      Summ           0%         N/A       100%        6
 Maxwell's Capacitive Co  Air            0%         ∞         100%        8


Dungeon Overview and Level Annotations

Branches:
Dungeon (7/15)             Temple (1/1) D:5           Sewer (visited)

Altars:
Cheibriados
Dithmenos
Elyvilon
Fedhas
Gozag
Hepliaklqana
Makhleb
Nemelex Xobeh
Okawaru
Ru
Sif Muna
Trog
Uskayaw
Vehumet
Wu Jian
Xom
Yredelemnul
Zin
The Shining One

Shops:
D:7 =*(


Innate Abilities, Weirdness & Mutations

You are something dangerously unstable.
You glow with magical radiation, making you easy to see and hit.
Foes you strike become dangerously contaminated with magical radiation.
You are incapable of wielding weapons or throwing items.
((You are very nimble when in or above water. (Stealth+, EV+, Speed+++)))
Your lower body shifts to a powerful aquatic tail in water.


Message History

You kill the ice beast!
The Council accepts your kill.
HP restored.
An electric eel comes into view.
Found a scroll of teleportation.
The electric eel shoots out a bolt of lightning at you!
The bolt of electricity hits you!
You see here 11 gold pieces.
The electric eel shoots out a bolt of lightning at you!
The bolt of electricity misses you.
You hear a shout!
An electric eel is nearby!
The electric eel shoots out a bolt of lightning at you!
The bolt of electricity hits you!
A merfolk comes into view. It is wielding a +0 trident.
There are monsters nearby!
A water elemental and an electric eel come into view.
Found a pair of gloves.
The merfolk throws a boomerang.
The boomerang completely misses you.
The electric eel shoots out a bolt of lightning at you!
The bolt of electricity hits you.
There are monsters nearby!
A water elemental comes into view.
Found a phial of floods.
The electric eel shoots out a bolt of lightning at you!
The bolt of electricity hits you!
Unknown command.
As you read the scroll of teleportation, it crumbles to dust.
You feel strangely unstable.
The electric eel shoots out a bolt of lightning at you!
The bolt of electricity hits you!
Unknown command.
As you read the scroll of fog, it dissolves into smoke.
An electric eel comes into view.
The electric eel shoots out a bolt of lightning at you!
The bolt of electricity hits the water elemental.
The water elemental resists.
The bolt of electricity hits you!
* * * LOW HITPOINT WARNING * * *
The merfolk hits you from afar with a +0 trident!!
You die...

....?. #..........##.#
~...~..##....##....##.#
~≈~~~........##....##.#
≈≈≈≈~.................##
S≈≈S~~.....$.......>....
..~≈≈...............####
}.~≈~≈......(...#...#...
..~≈≈~§§§...............
≈≈E≈~mEB§.....#....<....
~≈≈≈≈~§§§.....#####.#...
~≈~S~.........# ...#...
.~.~~~.......## #.###.##
............... #. ..#
####........##... ###
#........# [.#
#######... ..


You could see a merfolk, 2 water elementals and 3 electric eels.

Vanquished Creatures
  Maggie (D:6)
  Grinder (D:5)
  Sigmund (D:3)
  Eustachio (D:4)
  Menkaure (D:6)
  Edmund (D:6)
  3 water moccasins
  An ice beast (D:7)
  A sky beast (D:6)
  An ogre (D:5)
  A phantom (D:4)
  2 kobold brigands (Sewer)
  A bullfrog (D:6)
  2 scorpions
  A howler monkey (D:5)
  8 hounds
  2 sleepcaps
  3 jellies
  Jessica (D:3)
  5 iguanas
  2 orc wizards (D:6)
  Natasha (D:1)
  6 adders
  A river rat (Sewer)
  2 shadow imps (D:5)
  An ufetubus (D:4)
  3 worms
  2 dart slugs (D:4)
  11 orcs
  4 ball pythons
  6 bats
  5 endoplasms
  3 giant cockroaches
  9 goblins
  8 hobgoblins
  2 jackals (Sewer)
  6 quokkas
  2 frilled lizards
  7 kobolds
  8 rats
127 creatures vanquished.

Notes
Turn   | Place    | Note
-------+----------+-------------------------------------------
     0 | D:1      | CrazyBamboolord the Merfolk Shapeshifter began the quest
                  | for the Orb.
     0 | D:1      | Reached XP level 1. HP: 15/15 MP: 1/1
   137 | D:1      | Reached XP level 2. HP: 18/21 MP: 2/2
   556 | D:1      | Reached skill level 5 in Shapeshifting
   657 | D:2      | Noticed Natasha
   668 | D:1      | Killed Natasha
   669 | D:1      | Reached XP level 3. HP: 6/26 MP: 3/3
   881 | D:2      | Reached XP level 4. HP: 13/32 MP: 4/4
  1330 | D:3      | Found a bloodstained altar of Trog.
  1330 | D:3      | Found a snail-covered altar of Cheibriados.
  1618 | D:3      | Noticed Sigmund
  1629 | D:3      | Killed Sigmund
  1630 | D:3      | Reached skill level 1 in Armour
  1630 | D:3      | Reached skill level 3 in Dodging
  1630 | D:3      | Reached XP level 5. HP: 20/38 MP: 5/5
  1630 | D:3      | Reached XP level 6. HP: 23/44 MP: 6/6
  1775 | D:3      | Noticed Jessica
  1780 | D:3      | Killed Jessica
  2242 | D:3      | Found a faded altar of an unknown god.
  2377 | D:4      | Found a blossoming altar of Fedhas.
  2504 | D:4      | You fall into a shaft and drop 3 floors!
  2504 | D:7      | Found Faunicek's Jewellery Emporium.
  2504 | D:7      | Found Ampuextai's Assorted Antiques.
  2504 | D:7      | Found Xyecir's Antique Weapon Emporium.
  2587 | D:6      | Found a sparkling altar of Nemelex Xobeh.
  2612 | D:6      | Reached skill level 4 in Dodging
  2627 | D:6      | Noticed a water moccasin
  2629 | D:6      | Found a glowing drain.
  2635 | D:6      | Killed a water moccasin
  2636 | D:6      | Reached XP level 7. HP: 51/51 MP: 7/7
  2676 | Sewer    | Entered a sewer
  2802 | Sewer    | Reached skill level 5 in Dodging
  2857 | Sewer    | Found a white marble altar of Elyvilon.
  2981 | D:5      | Entered Level 5 of the Dungeon
  2983 | D:5      | Noticed Eustachio
  3016 | D:5      | Reached skill level 5 in Unarmed Combat
  3123 | D:5      | Found a staircase to the Ecumenical Temple.
  3130 | Temple   | Entered the Ecumenical Temple
  3144 | Temple   | Became a worshipper of the Wu Jian Council
  3391 | D:4      | Reached XP level 8. HP: 55/61 MP: 8/8
  3924 | D:4      | Killed Eustachio
  3925 | D:4      | Reached skill level 6 in Dodging
  4208 | D:5      | Reached skill level 5 in Fighting
  4534 | D:5      | Reached skill level 7 in Dodging
  4998 | D:5      | Noticed Grinder
  4999 | D:5      | Paralysed by Grinder for 5 turns
  5009 | D:5      | Killed Grinder
  5010 | D:5      | Reached XP level 9. HP: 69/69 MP: 9/9
  5121 | D:6      | Reached skill level 8 in Dodging
  5228 | D:6      | Noticed Maggie
  5249 | D:6      | Killed Maggie
  5560 | D:6      | Noticed Edmund
  5572 | D:6      | Killed Edmund
  5591 | D:6      | Found a radiant altar of Vehumet.
  5812 | D:6      | Noticed Menkaure
  5818 | D:6      | Killed Menkaure
  5819 | D:6      | Reached skill level 9 in Dodging
  6063 | D:7      | Noticed a merfolk
  6067 | D:7      | Slain by a merfolk

Illustrated notes

Levels and vault maps discovered:
D:1:      reono_arrival_forest_river, layout_basic
D:2:      layout_rooms, uniq_natasha
D:3:      layout_loops_ring, mainiacjoe_overflow_catwalk_spiral,
          shapermc_ecumenical_altar_petra, uniq_sigmund, uniq_jessica
D:4:      layout_basic, kennysheep_mini, chequers_hall_statues_corner_a
D:5:      kennysheep_six_static_rooms, layout_cave_pools,
          minmay_temple_entry_gardened_gates, serial_co_window_serial,
          co_window_corner_a, co_window_paths_a, co_window_paths_a,
          co_window_paths_a, co_window_corner_a, co_window_paths_c,
          co_window_unsneaky_path_d, co_window_broadway_c, glass_columns_b,
          glass_columns_a, glass_columns_b, small_statue_alley_b,
          uniq_eustachio, uniq_grinder
D:6:      layout_basic, amcnicky_altar_gilded, nemelex_spade_bored_becter,
          cheibrodos_sewer_entry_drain, dk_rats_in_the_wall, uniq_maggie,
          uniq_menkaure, uniq_edmund
D:7:      layout_basic, nicolae_qazlal_style_of_elements,
          nicolae_shop_distant_corner_stores, nicolae_rank_and_phial,
          uniq_prince_ribbit1
Temple:   eino_temple_lava

Skill      XL: |  1  2  3  4  5  6  7  8  9 |
---------------+----------------------------+-----
Shapeshifting  | 5 6 7 |  7.0
Fighting       | 2 4 6 7 |  7.4
Armour         | 1 2 |  2.0
Dodging        | 3 4 5 7 9 |  9.2
Unarmed Combat | 4 5 6 8 |  8.1

Action                     |  1- 3 |  4- 6 |  7- 9 || total
---------------------------+-------+-------+-------++-------
  Melee: Unarmed           |    66 |   114 |   341 ||   521
         Punch             |     2 |     1 |       ||     3
         Tailslap          |       |       |     5 ||     5
Ability: Lunge             |       |       |    15 ||    15
    Use: Potion            |     1 |     1 |       ||     2
         Scroll            |       |     5 |     8 ||    13
   Stab: Sleeping          |       |     1 |       ||     1
 Armour: Animal skin       |     4 |     4 |       ||     8
         Skin              |     2 |     6 |     8 ||    16
         Scale mail        |       |    25 |   118 ||   143
  Dodge: Dodged            |    49 |    58 |   240 ||   347
         Form:             |       |     2 |       ||     2
         Beast             |       |     2 |       ||     2
         Flux              |       |     1 |       ||     1

Table legend: (Time is in decaauts)
 A = Elapsed time spent in this place.
 B = Non-inter-level travel time spent in this place.
 C = Inter-level travel time spent in this place.
 D = Time resting spent in this place.
 E = Time spent auto-exploring this place.
 F = Levels seen in this place.
 G = Mean time per level.
                   A        B        C        D        E       F      G
               +--------+--------+--------+--------+--------+-----+--------+
         Total |   5972 |   5751 |    221 |    326 |   4244 |   9 |  663.6 |
       Dungeon |   5739 |   5518 |    221 |    326 |   4106 |   7 |  819.9 |
        Temple |     29 |     29 |      0 |      0 |      0 |   1 |   29.0 |
         Sewer |    203 |    203 |      0 |      0 |    138 |   1 |  203.0 |
               +--------+--------+--------+--------+--------+-----+--------+

Top non-repeatable levels by time:
     D:5: 1286 daAuts
     D:6: 1115 daAuts
     D:4: 988 daAuts
     D:3: 920 daAuts
     D:1: 759 daAuts
     D:2: 558 daAuts
   Sewer: 203 daAuts
     D:7: 110 daAuts
  Temple: 29 daAuts
